 Dungeon Crawl Stone Soup version 0.28.0-53-g5a82cb258f (webtiles) character file.

Game seed: 11894134203679497087

18361 quokkamancerX the Fighter (level 12, -3/81 HPs)
             Began as a Gargoyle Earth Elementalist on June 6, 2022.
             Was an Elder of Vehumet.
             Slain by a dire elephant (23 damage)
             ... on level 1 of the Lair of Beasts on June 7, 2022.
             The game lasted 01:09:50 (15386 turns).

quokkamancerX the Fighter (GrEE)                   Turns: 15386, Time: 01:09:50

Health: -3/81      AC: 15    Str: 13    XL:     12   Next: 57%
Magic:  7/26       EV: 18    Int: 20    God:    Vehumet [****..]
Gold:   862        SH: 10    Dex: 10    Spells: 22/31 levels left

rFire   . . .      SeeInvis .   h - +1 short sword (venom)
rCold   . . .      Faith    .   q - +0 kite shield
rNeg    + . .      Spirit   .   H - +0 troll leather armour
rPois   ∞          Reflect  .   k - +0 helmet
rElec   +          Harm     .   n - +1 cloak {Will+}
rCorr   .          Rampage  .   (no gloves)
Will    +....                   (no boots)
Stlth   ++........              y - amulet of magic regeneration
HPRegen 1.03/turn               C - +4 ring of evasion
MPRegen 0.60/turn               x - +4 ring of evasion

@: no status effects
A: sickness immunity, AC +8, negative energy resistance 1, electricity
resistance, torment resistance 1, petrification resistance
a: Renounce Religion


You were on level 1 of the Lair of Beasts.
You worshipped Vehumet.
Vehumet was greatly pleased with you.
You visited 3 branches of the dungeon, and saw 13 of its levels.
You also visited: Ossuary and Bailey.

You collected 862 gold pieces.

Inventory:

Hand Weapons
 h - a +1 short sword of venom (weapon)
Missiles
 c - 403 stones
Armour
 k - a +0 helmet (worn)
 n - a +1 cloak of willpower (worn)
 q - a +0 kite shield (worn)
 H - a +0 troll leather armour (worn)
Jewellery
 p - a ring of willpower
 x - a +4 ring of evasion (right hand)
 y - an amulet of magic regeneration (around neck)
 C - a +4 ring of evasion (left hand)
 E - a ring of protection from fire
 J - a ring of willpower
Wands
 v - a wand of flame (4) (quivered)
 G - a wand of paralysis (1)
Scrolls
 d - a scroll of silence
 i - a scroll of identify
 o - 2 scrolls of amnesia
 t - a scroll of immolation
 u - 6 scrolls of fear
 w - 8 scrolls of teleportation
 z - a scroll of summoning
 B - 4 scrolls of fog {unknown}
 D - a scroll of enchant weapon {unknown}
 F - a scroll of blinking {unknown}
 I - a scroll of holy word {unknown}
 K - a scroll of noise {unknown}
 L - a scroll of enchant armour {unknown}
 M - a scroll of vulnerability {unknown}
Potions
 a - 2 potions of invisibility {unknown}
 b - 2 potions of flight {unknown}
 e - a potion of haste {unknown}
 f - 3 potions of ambrosia
 g - 2 potions of lignification
 j - a potion of mutation {unknown}
 l - a potion of attraction {unknown}
 m - 5 potions of heal wounds
 r - 6 potions of curing
 A - a potion of brilliance {unknown}
Miscellaneous
 s - a phantom mirror (inert)


   Skills:
 - Level 12.0 Fighting
 + Level 2.2 Dodging
 - Level 5.0 Stealth
 - Level 9.0 Shields
 - Level 10.0 Spellcasting
 - Level 0.7 Transmutations
 - Level 10.0 Earth Magic
 - Level 6.0 Evocations


You had 22 spell levels left.
You knew the following spells:

 Your Spells              Type           Power      Damage    Failure   Level
a - Sandblast             Erth           100%       2d20      1%          1
b - Stone Arrow           Conj/Erth      60%        3d10      2%          3
c - Passwall              Tmut/Erth      25%        N/A       3%          2
d - Ignite Poison         Fire/Tmut/Pois 10%        N/A       16%         3

Your spell library contained the following spells:

 Spells                   Type           Power      Damage    Failure   Level
 Beastly Appendage        Tmut           24%        N/A       16%         1
 Apportation              Tloc           20%        N/A       21%         1
 Summon Small Mammal      Summ           40%        N/A       21%         1
 Petrify                  Tmut/Erth      31%        N/A       22%         4
 Wereblood                Tmut           12%        N/A       24%         2
 Animate Armour           Summ/Erth      60%        N/A       26%         4
 Spider Form              Tmut/Pois      11%        N/A       47%         3
 Call Canine Familiar     Summ           10%        N/A       52%         3
 Summon Guardian Golem    Hex/Summ       10%        N/A       52%         3
 Animate Dead             Necr           5%         N/A       90%         4
 Alistair's Intoxication  Tmut/Pois      7%         N/A       99%         5
 Haunt                    Necr/Summ      5%         N/A       100%        7
 Infestation              Necr           5%         N/A       100%        8
 Lehudib's Crystal Spear  Conj/Erth      15%        10d5      100%        8


Dungeon Overview and Level Annotations

Branches:
Dungeon (11/15)            Temple (1/1) D:6            Lair (1/6) D:8
    Orc (0/2) D:9         Ossuary (visited)          Bailey (visited)

Altars:
Ashenzari
Cheibriados
Dithmenos
Elyvilon
Fedhas
Gozag
Hepliaklqana
Kikubaaqudgha
Makhleb
Nemelex Xobeh
Okawaru
Qazlal
Ru
Sif Muna
Trog
Uskayaw
Vehumet
Wu Jian
Xom
Yredelemnul
Zin
The Shining One
Beogh

Shops:
D:1 (


Innate Abilities, Weirdness & Mutations

You are immune to sickness and miasma.
Your stone body is resilient. (AC +8)
You are immune to poison.
You resist negative energy. (rN+)
You are resistant to electric shocks. (rElec)
You are resistant to unholy torment.
You are immune to petrification.


Message History

Casting: Stone Arrow (mildly dangerous; 2% risk of failure)
Confirm with . or Enter, or press ? or * to list all spells.
Aiming: Stone Arrow (mildly dangerous; 2% risk of failure)
Press: ? - help, Shift-Dir - straight line, f/p - dire elephant
Aim: a dire elephant (heavily wounded, 100% to hit)
The stone arrow hits the dire elephant!
The dire elephant is severely wounded.
The elephant misses you. The elephant closely misses you.
The dire elephant tramples you!
You hold your ground!
The dire elephant trunk-slaps you but does no damage.
Casting: Stone Arrow (mildly dangerous; 2% risk of failure)
Confirm with . or Enter, or press ? or * to list all spells.
Aiming: Stone Arrow (mildly dangerous; 2% risk of failure)
Press: ? - help, Shift-Dir - straight line, f/p - dire elephant
Aim: a dire elephant (severely wounded, 100% to hit)
The stone arrow hits the dire elephant!!
The dire elephant is severely wounded.
The elephant tramples you!
You hold your ground!
You block the elephant's attack. The dire elephant tramples you!!
* * * LOW HITPOINT WARNING * * *
You hold your ground!
The dire elephant trunk-slaps you but does no damage.
You feel much better. You block the elephant's attack.
The elephant trunk-slaps you.
* * * LOW HITPOINT WARNING * * *
The dire elephant tramples you but does no damage.
The dire elephant misses you.
Casting: Stone Arrow (mildly dangerous; 2% risk of failure)
Confirm with . or Enter, or press ? or * to list all spells.
Aiming: Stone Arrow (mildly dangerous; 2% risk of failure)
Press: ? - help, Shift-Dir - straight line, f/p - dire elephant
Aim: a dire elephant (severely wounded, 100% to hit)
The stone arrow hits the dire elephant but does no damage.
The dire elephant is severely wounded.
The elephant tramples you.
* * * LOW HITPOINT WARNING * * *
You hold your ground!
The elephant trunk-slaps you but does no damage.
The dire elephant tramples you!!
You die...

.###.#.#.#≈...≈≈≈..#..###..#
#.#...####.≈≈≈≈≈≈≈≈..## #.##
.....## ##.≈≈≈≈≈≈≈≈..# #.#
###### ##.≈≈≈≈≈≈≈≈≈..####^#
.## #..≈≈≈≈≈≈≈≈≈≈......# ..#
##..≈≈≈≈..≈≈.##.##### .♣#
#....≈≈≈.<.≈....###.# .♣♣
###.#.≈..YY...#..†..# ..♣
#.####..@###.###..# .P♣♣ ..#
#..## ### ##.# ...♣♣ ##..
#### #.# ...P♣ ♣.# #.##
≈...♣♣ ♣. #.P# ≈....♣ #.##
≈....♣♣ #.# ......♣ ##.#
......♣ #P.#


You could see a dire elephant and an elephant.

Vanquished Creatures
  Gastronok (D:9)
  2 hydras
  A vault guard (Bailey)
  4 two-headed ogres
  Urug (D:10)
  2 manticores (D:11)
  An ugly thing (D:8)
  A cyclops (D:11)
  An elephant (Lair:1)
  A black mamba (Lair:1)
  A gargoyle (D:11)
  A cane toad (Lair:1)
  A kobold demonologist (D:9)
  A komodo dragon (Lair:1)
  3 trolls
  Prince Ribbit (D:5)
  A blink frog (Bailey)
  A shadow (D:10)
  3 yaks (D:9)
  2 wyverns (Lair:1)
  2 humans (Bailey)
  A vampire mosquito (D:9)
  An acid dragon (D:8)
  5 water moccasins
  A sky beast (D:6)
  2 black bears
  5 orc warriors
  An ice beast (D:7)
  7 wolves
  4 centaurs
  A phantom (D:6)
  2 elf zombies
  11 bullfrogs
  An elf skeleton (D:6)
  A water moccasin zombie (D:6)
  3 scorpions
  A water moccasin skeleton (D:5)
  4 killer bees (D:8)
  3 wights (D:9)
  7 electric eels
  5 howler monkeys
  7 centaur zombies
  2 bullfrog skeletons
  5 hounds (D:8)
  Crazy Yiuf (D:2)
  3 gnoll shamans
  6 centaur skeletons
  5 orc priests
  3 iguanas
  A human skeleton (D:6)
  9 orc wizards
  A killer bee zombie (D:8)
  A hound skeleton (D:4)
  2 mummies (Ossuary)
  4 howler monkey zombies
  13 gnolls
  2 adders
  2 white imps
  An adder zombie (Ossuary)
  An adder skeleton (D:3)
  2 worms
  3 dart slugs
  30 orcs
  7 ball pythons
  7 endoplasms
  A giant cockroach (D:3)
  13 goblins
  9 hobgoblins
  3 jackals (D:3)
  5 quokkas
  3 bats
  3 frilled lizards
  15 hobgoblin zombies (Ossuary)
  12 kobolds
  12 kobold zombies (Ossuary)
  An orc skeleton (D:6)
  8 orc zombies
  A quokka skeleton (D:4)
  A rat (D:3)
303 creatures vanquished.

Vanquished Creatures (collateral kills)
  A vault guard (D:10)
  A vampire mosquito (D:10)
2 creatures vanquished.

Vanquished Creatures (others)
  14 fungi
  19 plants
  17 toadstools
50 creatures vanquished.

Grand Total: 355 creatures vanquished

Notes
Turn   | Place    | Note
-------+----------+-------------------------------------------
     0 | D:1      | quokkamancerX the Gargoyle Earth Elementalist began the
                  | quest for the Orb.
     0 | D:1      | Reached XP level 1. HP: 10/10 MP: 3/3
   280 | D:1      | Found a faded altar of an unknown god.
   450 | D:1      | Reached XP level 2. HP: 9/15 MP: 5/5
   750 | D:1      | Found Tuotuolud's Weapon Shop.
  1527 | D:2      | Reached XP level 3. HP: 13/19 MP: 6/6
  2433 | D:2      | Found a runed translucent door.
  2434 | D:2      | Noticed Crazy Yiuf
  2443 | D:2      | Killed Crazy Yiuf
  2444 | D:2      | Reached XP level 4. HP: 22/24 MP: 5/8
  4046 | D:4      | Reached XP level 5. HP: 21/28 MP: 10/10
  4437 | D:4      | Reached skill level 5 in Stealth
  4437 | D:4      | Reached XP level 6. HP: 32/32 MP: 10/12
  4673 | D:4      | Found an iron altar of Okawaru.
  4844 | D:4      | Reached skill level 5 in Spellcasting
  4901 | D:5      | Entered Level 5 of the Dungeon
  4980 | D:5      | Noticed Prince Ribbit
  4991 | D:5      | Killed Prince Ribbit
  4992 | D:5      | Reached skill level 5 in Earth Magic
  4992 | D:5      | Reached XP level 7. HP: 25/36 MP: 9/14
  5848 | D:5      | Reached XP level 8. HP: 41/41 MP: 15/15
  6282 | D:6      | Found a staircase to the Ecumenical Temple.
  6291 | Temple   | Entered the Ecumenical Temple
  6530 | Temple   | Became a worshipper of Vehumet
  6730 | D:6      | Found a sand-covered staircase.
  6735 | Ossuary  | Entered an ossuary
  6919 | Ossuary  | Learned a level 3 spell: Stone Arrow
  6971 | Ossuary  | Reached * piety under Vehumet
  6971 | Ossuary  | Offered knowledge of Freeze by Vehumet.
  7169 | Ossuary  | Reached skill level 10 in Earth Magic
  7396 | Ossuary  | Reached skill level 1 in Evocations
  7548 | D:6      | Reached ** piety under Vehumet
  7559 | D:6      | Offered knowledge of Searing Ray by Vehumet.
  7731 | D:6      | Reached XP level 9. HP: 30/45 MP: 9/16
  8038 | D:6      | Reached skill level 1 in Shields
  8832 | D:7      | Reached skill level 5 in Evocations
  9687 | D:8      | Noticed a green ugly thing
  9706 | D:8      | Noticed a troll
  9707 | D:8      | Killed a green ugly thing
  9708 | D:8      | Reached skill level 5 in Shields
  9715 | D:8      | Killed a troll
  9760 | D:7      | Learned a level 2 spell: Passwall
  9832 | D:8      | Reached skill level 1 in Fighting
  9854 | D:8      | Reached XP level 10. HP: 46/53 MP: 14/18
  9902 | D:8      | Reached skill level 2 in Fighting
  9930 | D:8      | Found a staircase to the Lair.
  9970 | D:8      | Noticed a two-headed ogre
  9973 | D:8      | Killed a two-headed ogre
  9974 | D:8      | Reached skill level 3 in Fighting
 10014 | D:8      | Offered knowledge of Poisonous Vapours by Vehumet.
 10084 | D:8      | Reached skill level 4 in Fighting
 10404 | D:9      | Noticed a two-headed ogre
 10494 | D:9      | You fall into a shaft and drop 1 floor!
 10494 | D:10     | Entered Level 10 of the Dungeon
 10579 | D:10     | Noticed Urug
 10586 | D:10     | HP: 1/57 [Urug/+2 war axe (28)]
 10587 | D:10     | Killed Urug
 10588 | D:10     | Reached skill level 5 in Fighting
 11086 | D:10     | Found a flagged portal.
 11096 | Bailey   | Entered a bailey
 11155 | Bailey   | Reached *** piety under Vehumet
 11396 | Bailey   | Reached skill level 6 in Fighting
 11465 | Bailey   | Noticed a vault guard
 11492 | Bailey   | Killed a vault guard
 11493 | Bailey   | Reached skill level 7 in Fighting
 11493 | Bailey   | Reached XP level 11. HP: 7/67 MP: 14/20
 11839 | Bailey   | Noticed a vault guard
 11980 | D:9      | Reached skill level 8 in Fighting
 12108 | D:9      | Offered knowledge of Hailstorm by Vehumet.
 12134 | D:9      | Killed a two-headed ogre
 12135 | D:9      | Reached skill level 9 in Fighting
 12655 | D:9      | Found a staircase to the Orcish Mines.
 12731 | D:9      | Noticed Gastronok
 12784 | D:9      | Killed Gastronok
 12785 | D:9      | Reached skill level 10 in Fighting
 12893 | D:9      | Found a sparkling altar of Nemelex Xobeh.
 12894 | D:9      | Noticed a sixfirhy
 12898 | D:9      | Found a shimmering altar of Xom.
 13215 | D:10     | Killed a vault guard
 13215 | D:10     | Reached **** piety under Vehumet
 13216 | D:10     | Reached skill level 11 in Fighting
 13491 | D:10     | Offered knowledge of Ignite Poison by Vehumet.
 13756 | D:10     | Noticed a two-headed ogre
 13761 | D:10     | Killed a two-headed ogre
 13762 | D:10     | Reached skill level 12 in Fighting
 13810 | D:10     | Learned a level 3 spell: Ignite Poison
 14077 | D:11     | Noticed a manticore
 14104 | D:11     | Killed a manticore
 14105 | D:11     | Reached XP level 12. HP: 81/81 MP: 8/22
 14160 | D:11     | Noticed a two-headed ogre
 14167 | D:11     | Killed a two-headed ogre
 14385 | D:11     | Noticed a five-headed hydra
 14390 | D:11     | Killed a five-headed hydra
 14553 | D:11     | Found a hide-covered altar of Uskayaw.
 14802 | Lair:1   | Entered Level 1 of the Lair of Beasts
 14920 | Lair:1   | Noticed a seven-headed hydra
 14957 | Lair:1   | Killed a seven-headed hydra
 15200 | Lair:1   | Noticed a dire elephant
 15200 | Lair:1   | Noticed a dire elephant
 15222 | Lair:1   | Found a runed translucent door.
 15242 | Lair:1   | Reached skill level 10 in Spellcasting
 15384 | Lair:1   | HP: 2/81 [dire elephant (25)]
 15386 | Lair:1   | Slain by a dire elephant

Illustrated notes

Levels and vault maps discovered:
D:1:      wander_arrival_chamber, layout_rooms,
          hellmonk_ecumenical_altar_arch_garden, serial_shops,
          nicolae_shop_bloodbath_and_beyond
D:2:      layout_loops_cross, minmay_gold_behind_fungi, uniq_crazy_yiuf_cottage
D:3:      corexii_shack_village, layout_loops_corners
D:4:      layout_gridville, okawaru_altar_gauntlet_db
D:5:      layout_basic, uniq_prince_ribbit1
D:6:      layout_rooms, lemuel_temple_firewalk_a,
          nicolae_ossuary_entry_catacombs
D:7:      layout_basic, minmay_statues_item
D:8:      layout_cave_pools, erik_lair_island
D:9:      layout_rooms, minitemple, minmay_orc_entry_temple_small,
          uniq_gastronok
D:10:     layout_basic, enter_bailey_2, serial_glass, glass_columns_c,
          glass_columns_b, glass_columns_a, glass_columns_a, glass_columns_a,
          glass_columns_b, uniq_urug
D:11:     layout_basic, serial_bayou_lagoon_a, nicolae_uskayaw_dance_hall
Temple:   mainiacjoe_temple_bowtie_tessellation
Lair:1:   gammafunk_lair_enchanted_lake, layout_loops_ring, basic_altar,
          serial_bayou_shore_a, grunt_megastairs_2, serial_bayou_shore_b,
          infiniplex_staircase_pool

Skill      XL: |  1  2  3  4  5  6  7  8  9 10 11 12 |
---------------+-------------------------------------+-----
Stealth        | 3 4 5 |  5.0
Spellcasting   | 3 4 5 6 7 10 | 10.0
Earth Magic    | 5 8 10 | 10.0
Evocations     | 4 6 |  6.0
Shields        | 6 9 |  9.0
Fighting       | 1 7 12 | 12.0
Dodging        | 2 |  2.2
Transmutations | |  0.7

Action                   |  1- 3 |  4- 6 |  7- 9 | 10-12 || total
-------------------------+-------+-------+-------+-------++-------
Melee: Dagger            |    48 |       |       |       ||    48
       Unarmed           |     2 |       |       |       ||     2
       Short sword       |    43 |   163 |   327 |   342 ||   875
       Punch             |     1 |     2 |     7 |       ||    10
 Cast: Sandblast         |    10 |     9 |    45 |    45 ||   109
       Stone Arrow       |       |       |    39 |   148 ||   187
Evoke: Wand              |       |       |     8 |    30 ||    38
       Phantom mirror    |       |       |       |     1 ||     1
  Use: Scroll            |       |     2 |     7 |     2 ||    11
       Potion            |       |       |       |     1 ||     1
 Stab: Sleeping          |     3 |    10 |     4 |     4 ||    21
       Distracted        |       |       |     1 |       ||     1
Armor: Robe              |    21 |    80 |   192 |    62 ||   355
       Troll leather arm |       |       |       |   105 ||   105
Dodge: Dodged            |    46 |   104 |   296 |   360 ||   806
Block: Kite shield       |       |       |     7 |   286 ||   293
